Rampage vs Bears

Created - Monday, January 26, 2015 at 22:59

Goals
1 2 3 T
Rampage 0 0 0 0
Bears 1 0 0 1
Shots
1 2 3 T
Rampage 10 6 6 22
Bears 8 4 8 20

1st period

1. Bears , Eric O'Dell 4 (Tyler Shattock) at 10:43 (PP)

Penalties :
Patrice Cormier (Her) for Hooking (Minor) at 0:43, Guy Leboeuf (Her) for Fighting (Major) at 6:39, Nick Tuzzolino (SAN) for Fighting (Major) at 6:39, Matt Puempel (SAN) for Tripping (Minor) at 8:35, John Persson (SAN) for Interference (Minor) at 9:10

2nd period

No Goal

Penalties :
Nick Tuzzolino (SAN) for Roughing (Minor) at 6:06, Tyler Shattock (Her) for Holding (Minor) at 13:26

3rd period

No Goal

Penalties :
Patrice Cormier (Her) for Fighting (Major) at 0:13, Jordan Nolan (SAN) for Fighting (Major) at 0:13, Tyler Shattock (Her) for Hooking (Minor) at 0:24, Stefan Matteau (Her) for Cross-checking (Minor) at 19:29

Goalie Stats

Matt Hackett (SAN), 19 saves from 20 shots - (0.950), L, 15-10-2, 59:08 minutes
John Gibson (Her), 22 saves from 22 shots - (1.000), W, 12-3-9, 60:00 minutes

Players Stats for Rampage

Player Name              G  A  P  +/- PIM S  H  SB GA TA FO     MP     PP MP  PK MP  
------------------------------------------------------------------------------------
Adam Almquist            0  0  0   0  0   4  2  2  0  3  0/0    25:14   4:11   3:45 
Andrey Pedan             0  0  0   0  0   0  1  1  0  2  0/0    15:11   0:00   0:00 
Calle Jarnkrok           0  0  0   0  0   3  2  0  3  1  9/19   19:23   2:37   0:00 
Charles-Olivier Roussel  0  0  0   0  0   0  1  0  0  0  0/0    19:33   2:16   0:22 
Danny Kristo             0  0  0   0  0   1  0  0  2  0  0/0    19:45   3:22   0:00 
Eric Boulton             0  0  0   0  0   0  1  0  1  0  0/1     6:12   0:28   1:10 
Farm Player22            0  0  0   0  0   0  0  1  0  0  0/1    14:47   1:55   1:33 
Jesper Fast              0  0  0   0  0   2  2  0  3  0  0/0    19:09   3:22   0:00 
Johan Sundstrom          0  0  0   0  0   0  2  1  0  1  2/9    19:17   3:22   0:00 
John Persson             0  0  0   0  2   1  2  0  0  0  2/3    16:12   0:00   1:28 
Jordan Nolan             0  0  0   0  5   1  4  1  4  1  2/6    21:00   1:10   1:42 
Kirill Kabanov           0  0  0   0  0   0  1  0  0  0  0/0    14:16   0:33   0:00 
Matt Puempel             0  0  0   0  2   4  0  0  1  1  0/1    18:36   1:50   0:09 
Mikael Samuelsson        0  0  0   0  0   0  0  0  0  0  0/1     5:14   0:42   0:47 
Nick Tuzzolino           0  0  0   0  7   1  2  0  0  0  0/0    15:09   0:00   0:00 
Tim Erixon               0  0  0   0  0   3  0  5  0  2  0/0    25:43   4:11   3:45 
Tim Miller               0  0  0   0  0   0  0  0  0  0  0/0     0:00   0:00   0:00 
Will O'Neill             0  0  0   0  0   2  1  2  1  0  0/0    19:33   2:16   0:22 

Players Stats for Bears

Player Name              G  A  P  +/- PIM S  H  SB GA TA FO     MP     PP MP  PK MP  
------------------------------------------------------------------------------------
Ben Youds                0  0  0   0  0   1  4  2  0  0  0/0    22:52   1:55   3:31 
Brad Mills               0  0  0   0  0   1  4  1  2  0  0/3    16:59   2:04   1:08 
Brandon Burlon           0  0  0   0  0   1  0  1  0  1  0/0    25:58   1:55   3:31 
David Dziurzynski        0  0  0   0  0   0  3  0  3  1  2/3    16:57   0:00   1:44 
David McIntyre           0  0  0   0  0   0  0  0  0  0  0/0     0:49   0:00   0:00 
Eric O'Dell              1  0  1   0  0   6  4  0  1  0  8/14   19:47   2:03   2:46 
Guy Leboeuf              0  0  0   0  5   0  0  2  0  1  0/0    17:02   0:00   2:56 
Harry Young              0  0  0   0  0   0  0  0  0  0  0/0     5:20   0:00   0:00 
Kevin Henderson          0  0  0   0  0   1  2  0  3  0  0/0    17:11   0:04   0:40 
Mark Cundari             0  0  0   0  0   1  1  1  0  1  0/0    24:56   2:12   2:56 
Maxime Macenauer         0  0  0   0  0   3  2  2  6  0  7/9    15:20   2:04   0:42 
Patrice Cormier          0  0  0   0  7   1  3  0  0  1  3/5    20:01   2:03   0:00 
Sebastian Stalberg       0  0  0   0  0   3  2  0  0  0  0/0    14:00   0:00   0:00 
Shawn O'Donnell          0  0  0   0  0   0  0  0  0  0  0/0     0:00   0:00   0:00 
Stefan Matteau           0  0  0   0  2   0  1  0  0  0  0/0    21:37   2:00   4:07 
Tyler Brown              0  0  0   0  0   0  1  1  0  0  3/4    11:14   0:00   0:00 
Tyler Shattock           0  1  1   0  4   1  4  0  2  1  3/3    19:27   2:03   1:47 
Zachery Davies           0  0  0   0  0   1  1  1  0  1  0/0    23:47   2:12   0:00 

3 Stars

1 - John Gibson (Her)
2 - Eric O'Dell (Her)
3 - Matt Hackett (SAN)

Power Play

Rampage - 0 on 4 Attempt(s) - 0.00%
Bears - 1 on 3 Attempt(s) - 33.33%

Penalty Kill

Rampage - 2 on 3 Attempt(s) - 66.67% - Score 0 goal in Penalty Kill
Bears - 4 on 4 Attempt(s) - 100.00% - Score 0 goal in Penalty Kill

Team Stat

Rampage - Hits : 21 - Faceoff Wins : 15 - Blocked Shots : 13 - Penalty Minutes : 16
Bears - Hits : 32 - Faceoff Wins : 26 - Blocked Shots : 11 - Penalty Minutes : 18

Official

Referees : Unknown
Linesman : Unknown

Game Notes

Nick Tuzzolino beats up Guy Leboeuf at 6:39 of 1st period
Mikael Samuelsson is injured at 14:41 of 1st period (Strained Back)
Jordan Nolan beats up Patrice Cormier at 0:13 of 3rd period
Andrey Pedan is injured at 18:59 of 3rd period (Right Eye)

Finance

Level 1 -- Attendance: 1615 (80.75%) -- Ticket Income $56,525
Level 2 -- Attendance: 788 (78.80%) -- Ticket Income $11,820
Total Attendance: 2403 (80.10%)
Total Ticket Income: $68,345
Other Income: $33,489
Total Income: $101,834

Rampage

5 vs 5 Forward 
   Center                   Left Wing                Right Wing               Time % Phy DF OF 
 1 Calle Jarnkrok           Jordan Nolan             Mikael Samuelsson        35     1   2  2  
 2 Johan Sundstrom          Jesper Fast              Danny Kristo             30     1   2  2  
 3 Jordan Nolan             Matt Puempel             Kirill Kabanov           22     1   2  2  
 4 Jordan Nolan             John Persson             Mikael Samuelsson        13     1   2  2  

5 vs 5 Defense 
   Defense                  Defense                                           Time % Phy DF OF 
 1 Adam Almquist            Tim Erixon                                        35     1   2  2  
 2 Charles-Olivier Roussel  Will O'Neill                                      30     1   2  2  
 3 Nick Tuzzolino           Andrey Pedan                                      22     1   2  2  
 4 Adam Almquist            Tim Erixon                                        13     1   2  2  

PowerPlay Forward 
   Center                   Left Wing                Right Wing               Time % Phy DF OF 
 1 Calle Jarnkrok           Jordan Nolan             Mikael Samuelsson        60     1   2  2  
 2 Johan Sundstrom          Jesper Fast              Danny Kristo             40     1   2  2  

PowerPlay Defense
   Defense                  Defense                                           Time % Phy DF OF 
 1 Adam Almquist            Tim Erixon                                        60     1   2  2  
 2 Charles-Olivier Roussel  Will O'Neill                                      40     1   2  2  

Penalty Kill 4 Players Forward 
   Center                   Wing                     Time % Phy DF OF 
 1 Jordan Nolan             Mikael Samuelsson        60     1   2  2  
 2 Danny Kristo             Calle Jarnkrok           40     1   2  2  

Penalty Kill 4 Players Defense
   Defense                  Defense                  Time % Phy DF OF 
 1 Adam Almquist            Tim Erixon               60     1   2  2  
 2 Charles-Olivier Roussel  Will O'Neill             40     1   2  2  

Penalty Kill - 3 Players Forward 
   Forward                                           Time % Phy DF OF 
 1 Jordan Nolan                                      60     1   2  2  
 2 Mikael Samuelsson                                 40     1   2  2  

Penalty Kill - 3 Players Defense
   Defense                  Defense                  Time % Phy DF OF 
 1 Adam Almquist            Tim Erixon               60     1   2  2  
 2 Charles-Olivier Roussel  Will O'Neill             40     1   2  2  

4 vs 4 Forward 
   Center                   Wing                     Time % Phy DF OF 
 1 Jordan Nolan             Mikael Samuelsson        60     1   2  2  
 2 Danny Kristo             Calle Jarnkrok           40     1   2  2  

4 vs 4 Defense
   Defense                  Defense                  Time % Phy DF OF 
 1 Adam Almquist            Tim Erixon               60     1   2  2  
 2 Charles-Olivier Roussel  Will O'Neill             40     1   2  2  

Last Minutes Offensive
   Center                   Left Wing                Right Wing               Defense                  Defense                  
   Calle Jarnkrok           Jordan Nolan             Mikael Samuelsson        Adam Almquist            Tim Erixon               

Last Minutes Defensive
   Center                   Left Wing                Right Wing               Defense                  Defense                  
   Calle Jarnkrok           Jordan Nolan             Mikael Samuelsson        Adam Almquist            Tim Erixon               

Goaltenders
Starting : Matt Hackett             
Backup : Mike Murphy              

Extra Forwards
Normal : Matt Puempel, Jordan Nolan, John Persson - PP : Matt Puempel, Jordan Nolan - PK : John Persson
Extra Defensemen
Normal : Nick Tuzzolino, Andrey Pedan, Charles-Olivier Roussel - PP : Nick Tuzzolino - PK : Andrey Pedan, Charles-Olivier Roussel
Penalty Shots
Jordan Nolan, Mikael Samuelsson, Danny Kristo, Calle Jarnkrok, Jesper Fast

Bears

5 vs 5 Forward 
   Center                   Left Wing                Right Wing               Time % Phy DF OF 
 1 Eric O'Dell              Patrice Cormier          Tyler Shattock           35     1   2  2  
 2 Maxime Macenauer         Stefan Matteau           Brad Mills               30     1   2  2  
 3 Patrice Cormier          Kevin Henderson          Sebastian Stalberg       22     1   2  2  
 4 Tyler Brown              David Dziurzynski        Stefan Matteau           13     1   2  2  

5 vs 5 Defense 
   Defense                  Defense                                           Time % Phy DF OF 
 1 Zachery Davies           Mark Cundari                                      35     1   2  2  
 2 Brandon Burlon           Ben Youds                                         30     1   2  2  
 3 Guy Leboeuf              Zachery Davies                                    22     1   2  2  
 4 Brandon Burlon           Mark Cundari                                      13     1   2  2  

PowerPlay Forward 
   Center                   Left Wing                Right Wing               Time % Phy DF OF 
 1 Eric O'Dell              Patrice Cormier          Tyler Shattock           60     1   2  2  
 2 Maxime Macenauer         Stefan Matteau           Brad Mills               40     1   2  2  

PowerPlay Defense
   Defense                  Defense                                           Time % Phy DF OF 
 1 Zachery Davies           Mark Cundari                                      60     1   2  2  
 2 Brandon Burlon           Ben Youds                                         40     1   2  2  

Penalty Kill 4 Players Forward 
   Center                   Wing                     Time % Phy DF OF 
 1 Tyler Shattock           Stefan Matteau           60     1   2  2  
 2 Eric O'Dell              Maxime Macenauer         40     1   2  2  

Penalty Kill 4 Players Defense
   Defense                  Defense                  Time % Phy DF OF 
 1 Guy Leboeuf              Mark Cundari             60     1   2  2  
 2 Brandon Burlon           Ben Youds                40     1   2  2  

Penalty Kill - 3 Players Forward 
   Forward                                           Time % Phy DF OF 
 1 Eric O'Dell                                       60     1   2  2  
 2 Stefan Matteau                                    40     1   2  2  

Penalty Kill - 3 Players Defense
   Defense                  Defense                  Time % Phy DF OF 
 1 Guy Leboeuf              Mark Cundari             60     1   2  2  
 2 Brandon Burlon           Ben Youds                40     1   2  2  

4 vs 4 Forward 
   Center                   Wing                     Time % Phy DF OF 
 1 Patrice Cormier          Stefan Matteau           60     1   2  2  
 2 Eric O'Dell              Maxime Macenauer         40     1   2  2  

4 vs 4 Defense
   Defense                  Defense                  Time % Phy DF OF 
 1 Zachery Davies           Mark Cundari             60     1   2  2  
 2 Brandon Burlon           Ben Youds                40     1   2  2  

Last Minutes Offensive
   Center                   Left Wing                Right Wing               Defense                  Defense                  
   Eric O'Dell              Stefan Matteau           Tyler Shattock           Brandon Burlon           Mark Cundari             

Last Minutes Defensive
   Center                   Left Wing                Right Wing               Defense                  Defense                  
   Eric O'Dell              Stefan Matteau           Tyler Shattock           Brandon Burlon           Mark Cundari             

Goaltenders
Starting : John Gibson              
Backup : John Muse                

Extra Forwards
Normal : Patrice Cormier, Kevin Henderson, David Dziurzynski - PP : Patrice Cormier, Kevin Henderson - PK : David Dziurzynski
Extra Defensemen
Normal : Guy Leboeuf, Zachery Davies, Brandon Burlon - PP : Guy Leboeuf - PK : Zachery Davies, Brandon Burlon
Penalty Shots
David Dziurzynski, Stefan Matteau, Eric O'Dell, Maxime Macenauer, Patrice Cormier

% Time on Ice - Rampage

Lines # - Real PCT - Wanted PCT - Time Play
Normal Forward
1 - 36% - 35% - 17:45
2 - 29% - 30% - 14:15
3 - 10% - 22% - 4:41
4 - 25% - 13% - 12:15
Normal Defense
1 - 30% - 35% - 14:50
2 - 35% - 30% - 16:56
3 - 31% - 22% - 15:12
4 - 4% - 13% - 1:58
PP Forward
1 - 48% - 60% - 3:05
2 - 52% - 40% - 3:22
PP Defense
1 - 65% - 60% - 4:11
2 - 35% - 40% - 2:16
PK Forward
1 - 100% - 60% - 2:43
2 - 0% - 40% - 0:00
PK Defense
1 - 87% - 60% - 2:21
2 - 13% - 40% - 0:22
PK3 Forward
1 - 86% - 60% - 1:12
2 - 14% - 40% - 0:12
PK3 Defense
1 - 100% - 60% - 1:24
2 - 0% - 40% - 0:00
44 Forward
1 - 0% - 60%
2 - 0% - 40%
44 Defense
1 - 0% - 60%
2 - 0% - 40%
Last Minute Offensive  - 0:30
Last Minute Defensive  - 0:00
Total
Forward - 60:00
Defense - 60:00

% Time on Ice - Bears

Lines # - Real PCT - Wanted PCT - Time Play
Normal Forward
1 - 32% - 35% - 15:34
2 - 26% - 30% - 12:35
3 - 25% - 22% - 12:01
4 - 18% - 13% - 8:46
Normal Defense
1 - 30% - 35% - 14:54
2 - 36% - 30% - 17:26
3 - 25% - 22% - 12:01
4 - 9% - 13% - 4:35
PP Forward
1 - 50% - 60% - 2:03
2 - 50% - 40% - 2:04
PP Defense
1 - 53% - 60% - 2:12
2 - 47% - 40% - 1:55
PK Forward
1 - 89% - 60% - 5:45
2 - 11% - 40% - 0:42
PK Defense
1 - 45% - 60% - 2:56
2 - 55% - 40% - 3:31
PK3 Forward
1 - 0% - 60%
2 - 0% - 40%
PK3 Defense
1 - 0% - 60%
2 - 0% - 40%
44 Forward
1 - 0% - 60%
2 - 0% - 40%
44 Defense
1 - 0% - 60%
2 - 0% - 40%
Last Minute Offensive  - 0:00
Last Minute Defensive  - 0:30
Total
Forward - 60:00
Defense - 60:00

Play by Play

1st period


0:01 of 1st period - Calle Jarnkrok wins face-off versus Eric O'Dell in neutral zone.
0:43 of 1st period - Minor Penalty to Patrice Cormier for Hooking.
0:44 of 1st period - Tyler Shattock wins face-off versus Johan Sundstrom in Bears zone.
1:09 of 1st period - Snap shot by Danny Kristo.
1:09 of 1st period - Shot Blocked by Mark Cundari.
1:11 of 1st period - Slapshot by Will O'Neill.
1:11 of 1st period - Stopped by John Gibson without a rebound.
1:12 of 1st period - Eric O'Dell wins face-off versus Calle Jarnkrok in Bears zone.
1:23 of 1st period - Snap shot by Maxime Macenauer.
1:23 of 1st period - Stopped by Matt Hackett with a rebound.
1:25 of 1st period - Slapshot by Ben Youds.
1:25 of 1st period - Deflect By Eric O'Dell.
1:25 of 1st period - Stopped by Matt Hackett with a rebound.
1:27 of 1st period - Wrist shot by Maxime Macenauer.
1:27 of 1st period - Stopped by Matt Hackett without a rebound.
1:28 of 1st period - Calle Jarnkrok wins face-off versus Eric O'Dell in Rampage zone.
2:06 of 1st period - Slapshot by Ben Youds.
2:06 of 1st period - Deflect By Tim Erixon.
2:06 of 1st period - Stopped by Matt Hackett with a rebound.
2:14 of 1st period - Ben Youds is hit by Johan Sundstrom and loses puck.
2:43 of 1st period - Penalty to Patrice Cormier is over, Patrice Cormier is back on ice.
2:52 of 1st period - Matt Puempel is hit by Ben Youds and loses puck.
3:09 of 1st period - Matt Puempel is hit by Kevin Henderson.
3:14 of 1st period - Icing by Andrey Pedan.
3:15 of 1st period - Jordan Nolan wins face-off versus Brad Mills in Rampage zone.
3:15 of 1st period - Jordan Nolan is hit by Maxime Macenauer.
5:03 of 1st period - David Dziurzynski is hit by John Persson and loses puck.
5:20 of 1st period - Snap shot by Matt Puempel.
5:20 of 1st period - Shot Blocked by Tyler Brown.
5:22 of 1st period - Slapshot by Matt Puempel.
5:22 of 1st period - Deflect By John Persson.
5:22 of 1st period - Shot Misses the Net.
5:22 of 1st period - Puck is out of play.
5:23 of 1st period - Eric O'Dell wins face-off versus Mikael Samuelsson in Bears zone.
5:53 of 1st period - Icing by Eric O'Dell.
5:54 of 1st period - Johan Sundstrom wins face-off versus Maxime Macenauer in Bears zone.
6:01 of 1st period - Johan Sundstrom is hit by Brad Mills and loses puck.
6:14 of 1st period - Wrist shot by Maxime Macenauer.
6:14 of 1st period - Shot Misses the Net.
6:16 of 1st period - Snap shot by Ben Youds.
6:16 of 1st period - Shot Blocked by Will O'Neill.
6:18 of 1st period - Snap shot by Brandon Burlon.
6:18 of 1st period - Stopped by Matt Hackett without a rebound.
6:19 of 1st period - Eric O'Dell wins face-off versus Jordan Nolan in Rampage zone.
6:39 of 1st period - Nick Tuzzolino beats up Guy Leboeuf.
6:39 of 1st period - Penalty to Guy Leboeuf for Fighting.
6:39 of 1st period - Penalty to Nick Tuzzolino for Fighting.
6:40 of 1st period - Calle Jarnkrok wins face-off versus Patrice Cormier in Rampage zone.
6:40 of 1st period - Calle Jarnkrok is hit by Patrice Cormier.
6:54 of 1st period - Wrist shot by Calle Jarnkrok.
6:54 of 1st period - Stopped by John Gibson with a rebound.
6:56 of 1st period - Slapshot by Adam Almquist.
6:56 of 1st period - Stopped by John Gibson without a rebound.
6:57 of 1st period - Patrice Cormier wins face-off versus Calle Jarnkrok in Bears zone.
7:34 of 1st period - Maxime Macenauer is hit by Jesper Fast and loses puck.
8:04 of 1st period - Charles-Olivier Roussel is hit by Zachery Davies and loses puck.
8:21 of 1st period - Wrist shot by Eric O'Dell.
8:21 of 1st period - Shot Blocked by Jordan Nolan.
8:23 of 1st period - Slapshot by Eric O'Dell.
8:23 of 1st period - Stopped by Matt Hackett with a rebound.
8:27 of 1st period - Slapshot by Patrice Cormier.
8:27 of 1st period - Stopped by Matt Hackett with a rebound.
8:29 of 1st period - Snap shot by Tyler Shattock.
8:29 of 1st period - Shot Misses the Net.
8:35 of 1st period - Minor Penalty to Matt Puempel for Tripping.
8:36 of 1st period - Eric O'Dell wins face-off versus John Persson in Rampage zone.
9:10 of 1st period - Minor Penalty to John Persson for Interference.
9:11 of 1st period - Jordan Nolan wins face-off versus Brad Mills in Rampage zone.
9:11 of 1st period - Jordan Nolan is hit by Ben Youds.
9:20 of 1st period - Slapshot by Tim Erixon.
9:20 of 1st period - Shot Misses the Net.
9:22 of 1st period - Wrist shot by Tim Erixon.
9:22 of 1st period - Shot Blocked by Ben Youds.
9:24 of 1st period - Slapshot by Tim Erixon.
9:24 of 1st period - Shot Blocked by Ben Youds.
9:26 of 1st period - Slapshot by Adam Almquist.
9:26 of 1st period - Deflect By Brad Mills.
9:26 of 1st period - Stopped by John Gibson with a rebound.
9:28 of 1st period - Slapshot by Adam Almquist.
9:28 of 1st period - Stopped by John Gibson with a rebound.
9:30 of 1st period - Slapshot by Jordan Nolan.
9:30 of 1st period - Shot Blocked by Maxime Macenauer.
10:35 of 1st period - Penalty to Matt Puempel is over, Matt Puempel is back on ice.
10:43 of 1st period - Slapshot by Eric O'Dell.
10:43 of 1st period - Goal by Eric O'Dell - Rampage : 0 - Bears : 1.
10:44 of 1st period - Tyler Brown wins face-off versus Johan Sundstrom in neutral zone.
11:37 of 1st period - Patrice Cormier is hit by Jordan Nolan and loses puck.
11:44 of 1st period - Mikael Samuelsson is hit by Patrice Cormier and loses puck.
12:15 of 1st period - Slapshot by Matt Puempel.
12:15 of 1st period - Stopped by John Gibson without a rebound.
12:16 of 1st period - Maxime Macenauer wins face-off versus Johan Sundstrom in Bears zone.
12:24 of 1st period - Icing by Tim Erixon.
12:25 of 1st period - Maxime Macenauer wins face-off versus Johan Sundstrom in Rampage zone.
12:28 of 1st period - Wrist shot by Brad Mills.
12:28 of 1st period - Shot Blocked by Tim Erixon.
14:02 of 1st period - Wrist shot by Matt Puempel.
14:02 of 1st period - Stopped by John Gibson with a rebound.
14:16 of 1st period - Sebastian Stalberg is hit by Kirill Kabanov and loses puck.
14:25 of 1st period - Slapshot by Kirill Kabanov.
14:25 of 1st period - Shot Misses the Net.
14:36 of 1st period - Off-side.
14:37 of 1st period - Eric O'Dell wins face-off versus Calle Jarnkrok in neutral zone.
14:40 of 1st period - Mikael Samuelsson is hit by Tyler Shattock and loses puck.
14:41 of 1st period - Mikael Samuelsson from Rampage is injured at 14:41 of 1st period (Strained Back).
14:42 of 1st period - Patrice Cormier wins face-off versus Calle Jarnkrok in Rampage zone.
15:34 of 1st period - Stefan Matteau is hit by Jesper Fast and loses puck.
16:48 of 1st period - Ben Youds is hit by Jordan Nolan and loses puck.
17:45 of 1st period - Wrist shot by Matt Puempel.
17:45 of 1st period - Shot Misses the Net.
17:47 of 1st period - Slapshot by Tim Erixon.
17:47 of 1st period - Stopped by John Gibson with a rebound.
17:49 of 1st period - Wrist shot by Matt Puempel.
17:49 of 1st period - Stopped by John Gibson with a rebound.
17:51 of 1st period - Slapshot by Adam Almquist.
17:51 of 1st period - Stopped by John Gibson with a rebound.
18:13 of 1st period - Guy Leboeuf is hit by Jordan Nolan and loses puck.
18:22 of 1st period - Slapshot by Calle Jarnkrok.
18:22 of 1st period - Shot Blocked by Zachery Davies.
18:46 of 1st period - Charles-Olivier Roussel is hit by Ben Youds and loses puck.
19:35 of 1st period - Tim Erixon is hit by Kevin Henderson and loses puck.
19:50 of 1st period - John Persson is hit by David Dziurzynski and loses puck.
Goals for this period are 0 for Rampage vs 1 for Bears.
Shots for this period are 10 for Rampage vs 8 for Bears.

2nd period


0:01 of 2nd period - Calle Jarnkrok wins face-off versus Maxime Macenauer in neutral zone.
0:04 of 2nd period - Brad Mills is hit by Jordan Nolan.
0:37 of 2nd period - Wrist shot by Brad Mills.
0:37 of 2nd period - Shot Blocked by Adam Almquist.
0:58 of 2nd period - Jesper Fast is hit by Eric O'Dell and loses puck.
2:08 of 2nd period - Andrey Pedan is hit by Sebastian Stalberg and loses puck.
2:34 of 2nd period - Jesper Fast is hit by Stefan Matteau and loses puck.
2:47 of 2nd period - Danny Kristo is hit by Maxime Macenauer and loses puck.
3:22 of 2nd period - Calle Jarnkrok is hit by David Dziurzynski and loses puck.
3:49 of 2nd period - Brandon Burlon is hit by Charles-Olivier Roussel and loses puck.
4:12 of 2nd period - Snap shot by John Persson.
4:12 of 2nd period - Stopped by John Gibson with a rebound.
4:32 of 2nd period - Slapshot by Brad Mills.
4:32 of 2nd period - Stopped by Matt Hackett with a rebound.
4:34 of 2nd period - Snap shot by Maxime Macenauer.
4:34 of 2nd period - Stopped by Matt Hackett with a rebound.
4:36 of 2nd period - Slapshot by Mark Cundari.
4:36 of 2nd period - Deflect By Brad Mills.
4:36 of 2nd period - Shot Misses the Net.
4:36 of 2nd period - Puck is out of play.
4:37 of 2nd period - Maxime Macenauer wins face-off versus Calle Jarnkrok in Rampage zone.
4:52 of 2nd period - Icing by Adam Almquist.
4:53 of 2nd period - Calle Jarnkrok wins face-off versus Tyler Brown in Rampage zone.
5:41 of 2nd period - Nick Tuzzolino is hit by Eric O'Dell and loses puck.
5:53 of 2nd period - Jesper Fast is hit by Tyler Shattock and loses puck.
6:00 of 2nd period - Wrist shot by Eric O'Dell.
6:00 of 2nd period - Shot Misses the Net.
6:06 of 2nd period - Minor Penalty to Nick Tuzzolino for Roughing.
6:07 of 2nd period - Maxime Macenauer wins face-off versus Jordan Nolan in Rampage zone.
6:14 of 2nd period - Snap shot by Maxime Macenauer.
6:14 of 2nd period - Shot Blocked by Adam Almquist.
6:16 of 2nd period - Slapshot by Mark Cundari.
6:16 of 2nd period - Stopped by Matt Hackett without a rebound.
6:17 of 2nd period - Maxime Macenauer wins face-off versus Jordan Nolan in Rampage zone.
6:18 of 2nd period - Wrist shot by Brad Mills.
6:18 of 2nd period - Shot Blocked by Tim Erixon.
6:49 of 2nd period - Snap shot by Eric O'Dell.
6:49 of 2nd period - Shot Blocked by Will O'Neill.
6:51 of 2nd period - Wrist shot by Tyler Shattock.
6:51 of 2nd period - Shot Misses the Net.
6:53 of 2nd period - Snap shot by Brandon Burlon.
6:53 of 2nd period - Deflect By Eric O'Dell.
6:53 of 2nd period - Shot Blocked by Farm Player22.
6:53 of 2nd period - Puck is out of play.
6:54 of 2nd period - Eric O'Dell wins face-off versus Farm Player22 in Rampage zone.
7:27 of 2nd period - John Persson is hit by Brad Mills and loses puck.
7:57 of 2nd period - John Persson is hit by Patrice Cormier and loses puck.
8:06 of 2nd period - Penalty to Nick Tuzzolino is over, Nick Tuzzolino is back on ice.
8:17 of 2nd period - Kevin Henderson is hit by Johan Sundstrom and loses puck.
9:19 of 2nd period - Snap shot by Danny Kristo.
9:19 of 2nd period - Shot Misses the Net.
9:21 of 2nd period - Wrist shot by Danny Kristo.
9:21 of 2nd period - Shot Misses the Net.
10:11 of 2nd period - Patrice Cormier is hit by Calle Jarnkrok and loses puck.
10:34 of 2nd period - Snap shot by Jesper Fast.
10:34 of 2nd period - Stopped by John Gibson with a rebound.
11:26 of 2nd period - Maxime Macenauer is hit by Adam Almquist and loses puck.
11:53 of 2nd period - John Persson is hit by Eric O'Dell and loses puck.
12:22 of 2nd period - Will O'Neill is hit by Tyler Brown.
12:40 of 2nd period - Slapshot by Calle Jarnkrok.
12:40 of 2nd period - Shot Blocked by Maxime Macenauer.
12:42 of 2nd period - Slapshot by Will O'Neill.
12:42 of 2nd period - Stopped by John Gibson with a rebound.
13:05 of 2nd period - Off-side.
13:06 of 2nd period - Tyler Brown wins face-off versus Matt Puempel in neutral zone.
13:09 of 2nd period - Matt Puempel is hit by Ben Youds and loses puck.
13:26 of 2nd period - Minor Penalty to Tyler Shattock for Holding.
13:27 of 2nd period - Johan Sundstrom wins face-off versus Eric O'Dell in Bears zone.
14:00 of 2nd period - Snap shot by Calle Jarnkrok.
14:00 of 2nd period - Shot Misses the Net.
14:42 of 2nd period - Ben Youds is hit by Will O'Neill and loses puck.
14:47 of 2nd period - Slapshot by Tim Erixon.
14:47 of 2nd period - Stopped by John Gibson without a rebound.
14:48 of 2nd period - Calle Jarnkrok wins face-off versus Brad Mills in Bears zone.
15:26 of 2nd period - Penalty to Tyler Shattock is over, Tyler Shattock is back on ice.
16:19 of 2nd period - Wrist shot by Patrice Cormier.
16:19 of 2nd period - Shot Misses the Net.
16:39 of 2nd period - Brad Mills is hit by John Persson and loses puck.
16:59 of 2nd period - Danny Kristo is hit by Tyler Shattock and loses puck.
17:26 of 2nd period - Wrist shot by Calle Jarnkrok.
17:26 of 2nd period - Stopped by John Gibson with a rebound.
17:52 of 2nd period - Snap shot by David Dziurzynski.
17:52 of 2nd period - Shot Misses the Net.
17:54 of 2nd period - Snap shot by Zachery Davies.
17:54 of 2nd period - Stopped by Matt Hackett with a rebound.
19:08 of 2nd period - Wrist shot by Jesper Fast.
19:08 of 2nd period - Stopped by John Gibson without a rebound.
19:09 of 2nd period - Maxime Macenauer wins face-off versus Calle Jarnkrok in Bears zone.
19:24 of 2nd period - Jordan Nolan is hit by Tyler Shattock and loses puck.
Goals for this period are 0 for Rampage vs 0 for Bears.
Shots for this period are 6 for Rampage vs 4 for Bears.

3rd period


0:01 of 3rd period - Eric O'Dell wins face-off versus Jordan Nolan in neutral zone.
0:06 of 3rd period - Wrist shot by Patrice Cormier.
0:06 of 3rd period - Shot Misses the Net.
0:12 of 3rd period - Snap shot by Matt Puempel.
0:12 of 3rd period - Shot Misses the Net.
0:13 of 3rd period - Jordan Nolan beats up Patrice Cormier.
0:13 of 3rd period - Penalty to Patrice Cormier for Fighting.
0:13 of 3rd period - Penalty to Jordan Nolan for Fighting.
0:14 of 3rd period - John Persson wins face-off versus Eric O'Dell in Bears zone.
0:15 of 3rd period - Snap shot by Matt Puempel.
0:15 of 3rd period - Stopped by John Gibson without a rebound.
0:16 of 3rd period - John Persson wins face-off versus Eric O'Dell in Bears zone.
0:24 of 3rd period - Minor Penalty to Tyler Shattock for Hooking.
0:25 of 3rd period - David Dziurzynski wins face-off versus Calle Jarnkrok in Bears zone.
0:49 of 3rd period - Slapshot by Tim Erixon.
0:49 of 3rd period - Deflect By Calle Jarnkrok.
0:49 of 3rd period - Shot Misses the Net.
0:49 of 3rd period - Puck is out of play.
0:50 of 3rd period - Calle Jarnkrok wins face-off versus David Dziurzynski in Bears zone.
0:55 of 3rd period - Slapshot by Tim Erixon.
0:55 of 3rd period - Deflect By David Dziurzynski.
0:55 of 3rd period - Stopped by John Gibson with a rebound.
1:22 of 3rd period - Guy Leboeuf is hit by Adam Almquist and loses puck.
2:24 of 3rd period - Penalty to Tyler Shattock is over, Tyler Shattock is back on ice.
2:37 of 3rd period - Snap shot by Kirill Kabanov.
2:37 of 3rd period - Shot Misses the Net.
3:09 of 3rd period - Icing by Mark Cundari.
3:10 of 3rd period - David Dziurzynski wins face-off versus Johan Sundstrom in Bears zone.
3:19 of 3rd period - Johan Sundstrom is hit by Mark Cundari and loses puck.
3:50 of 3rd period - Wrist shot by Calle Jarnkrok.
3:50 of 3rd period - Stopped by John Gibson without a rebound.
3:51 of 3rd period - Maxime Macenauer wins face-off versus Calle Jarnkrok in Bears zone.
4:06 of 3rd period - Slapshot by John Persson.
4:06 of 3rd period - Shot Blocked by Brad Mills.
4:55 of 3rd period - Slapshot by Jesper Fast.
4:55 of 3rd period - Shot Blocked by Brandon Burlon.
4:57 of 3rd period - Snap shot by Jesper Fast.
4:57 of 3rd period - Shot Misses the Net.
4:59 of 3rd period - Snap shot by Nick Tuzzolino.
4:59 of 3rd period - Stopped by John Gibson with a rebound.
5:49 of 3rd period - Wrist shot by David Dziurzynski.
5:49 of 3rd period - Shot Misses the Net.
7:16 of 3rd period - Slapshot by Danny Kristo.
7:16 of 3rd period - Stopped by John Gibson without a rebound.
7:17 of 3rd period - Calle Jarnkrok wins face-off versus Patrice Cormier in Bears zone.
7:18 of 3rd period - Snap shot by Jordan Nolan.
7:18 of 3rd period - Stopped by John Gibson without a rebound.
7:19 of 3rd period - Eric O'Dell wins face-off versus Calle Jarnkrok in Bears zone.
8:42 of 3rd period - Brandon Burlon is hit by Calle Jarnkrok and loses puck.
9:17 of 3rd period - Jesper Fast is hit by Sebastian Stalberg and loses puck.
9:24 of 3rd period - Slapshot by Patrice Cormier.
9:24 of 3rd period - Shot Blocked by Tim Erixon.
9:26 of 3rd period - Snap shot by Sebastian Stalberg.
9:26 of 3rd period - Stopped by Matt Hackett with a rebound.
9:28 of 3rd period - Slapshot by Sebastian Stalberg.
9:28 of 3rd period - Shot Blocked by Johan Sundstrom.
9:53 of 3rd period - Guy Leboeuf is hit by Andrey Pedan and loses puck.
10:28 of 3rd period - Maxime Macenauer is hit by Nick Tuzzolino and loses puck.
11:03 of 3rd period - Slapshot by Kevin Henderson.
11:03 of 3rd period - Deflect By Patrice Cormier.
11:03 of 3rd period - Shot Misses the Net.
11:03 of 3rd period - Puck is out of play.
11:04 of 3rd period - Patrice Cormier wins face-off versus Eric Boulton in Rampage zone.
11:13 of 3rd period - Brandon Burlon is hit by Eric Boulton and loses puck.
12:27 of 3rd period - Snap shot by Eric O'Dell.
12:27 of 3rd period - Shot Blocked by Tim Erixon.
12:29 of 3rd period - Wrist shot by David Dziurzynski.
12:29 of 3rd period - Shot Misses the Net.
12:31 of 3rd period - Snap shot by David Dziurzynski.
12:31 of 3rd period - Shot Misses the Net.
12:33 of 3rd period - Slapshot by Eric O'Dell.
12:33 of 3rd period - Stopped by Matt Hackett with a rebound.
12:35 of 3rd period - Backhand shot by Eric O'Dell.
12:35 of 3rd period - Shot Blocked by Tim Erixon.
13:18 of 3rd period - Slapshot by Maxime Macenauer.
13:18 of 3rd period - Shot Misses the Net.
13:54 of 3rd period - Wrist shot by Eric O'Dell.
13:54 of 3rd period - Stopped by Matt Hackett without a rebound.
13:55 of 3rd period - Tyler Brown wins face-off versus Johan Sundstrom in Rampage zone.
14:24 of 3rd period - David Dziurzynski is hit by Nick Tuzzolino and loses puck.
15:44 of 3rd period - Wrist shot by Tyler Shattock.
15:44 of 3rd period - Stopped by Matt Hackett with a rebound.
16:09 of 3rd period - Jesper Fast is hit by David Dziurzynski.
16:19 of 3rd period - Jesper Fast is hit by Brad Mills and loses puck.
16:34 of 3rd period - Snap shot by Calle Jarnkrok.
16:34 of 3rd period - Shot Blocked by Guy Leboeuf.
16:40 of 3rd period - Calle Jarnkrok is hit by Brad Mills and loses puck.
17:20 of 3rd period - Wrist shot by Kevin Henderson.
17:20 of 3rd period - Stopped by Matt Hackett with a rebound.
17:22 of 3rd period - Snap shot by Sebastian Stalberg.
17:22 of 3rd period - Stopped by Matt Hackett with a rebound.
17:24 of 3rd period - Slapshot by Ben Youds.
17:24 of 3rd period - Shot Misses the Net.
17:26 of 3rd period - Wrist shot by Sebastian Stalberg.
17:26 of 3rd period - Stopped by Matt Hackett with a rebound.
18:59 of 3rd period - Slapshot by Maxime Macenauer.
18:59 of 3rd period - Shot Blocked by Andrey Pedan.
18:59 of 3rd period - Andrey Pedan from Rampage is injured at 18:59 of 3rd period (Right Eye).
19:00 of 3rd period - Tyler Shattock wins face-off versus Calle Jarnkrok in Rampage zone.
19:01 of 3rd period - Snap shot by Eric O'Dell.
19:01 of 3rd period - Deflect By Tim Erixon.
19:01 of 3rd period - Stopped by Matt Hackett without a rebound.
19:02 of 3rd period - Scott Gordon call a timeout for Rampage.
19:02 of 3rd period - Calle Jarnkrok wins face-off versus Eric O'Dell in Rampage zone.
19:02 of 3rd period - Calle Jarnkrok is hit by Eric O'Dell.
19:08 of 3rd period - Rampage, Matt Hackett is pulled from the net.
19:29 of 3rd period - Minor Penalty to Stefan Matteau for Cross-checking.
19:30 of 3rd period - Tyler Shattock wins face-off versus Johan Sundstrom in Bears zone.
19:56 of 3rd period - Snap shot by Jesper Fast.
19:56 of 3rd period - Shot Blocked by Guy Leboeuf.
Goals for this period are 0 for Rampage vs 0 for Bears.
Shots for this period are 6 for Rampage vs 8 for Bears.


Output by the SimonT Hockey Simulator (STHS) for Eric Dolegowski -- Original Page W3C XHTML 1.0 Valid
Hockey Simulator - Hockey Simulation - Hockey Manager